Golden Knights vs Blue Jackets
Created - December 28, 2019 at 11:41
Goals
|
Golden Knights |
1 |
2 |
2 |
5 |
Blue Jackets |
1 |
1 |
1 |
3 |
|
Shots
|
Golden Knights |
6 |
11 |
9 |
26 |
Blue Jackets |
10 |
12 |
7 |
29 |
|
1st period
1. Golden Knights , Andrei Loktionov 13 (Michael Kostka 9, Michael Frolik 15) at 15:44
2. Blue Jackets , Peter Mueller 9 (Branislav Mezei 6, Artemi Panarin 16) at 19:05 (PP)
Penalties :
Michael Kostka (Vgs) for Tripping (Minor) at 1:19, Tyler Kennedy (Clb) for Slashing (Minor) at 8:41, Damien Brunner (Vgs) for Tripping (Minor) at 13:30, Brandon Bollig (Vgs) for Slashing (Minor) at 18:02, Derek Boogaard (Clb) for Tripping (Minor) at 19:12
2nd period
3. Golden Knights , Michael Frolik 9 (Ilya Kovalchuk 7, Andrei Loktionov 16) at 0:12 (PP)
4. Blue Jackets , Cody Eakin 4 (Max Pacioretty 8, Cam Fowler 11) at 4:08
5. Golden Knights , Michael Frolik 10 (Andrei Loktionov 17, Michael Kostka 10) at 9:23
Penalties :
Vincent Lecavalier (Vgs) for Delaying the game (Minor) at 14:49, Pavel Datsyuk (Clb) for Goalie Interference (Minor) at 17:44
3rd period
6. Golden Knights , Matt Stajan 7 (Steve Bernier 5, Michael Kostka 11) at 1:32
7. Blue Jackets , Derek Boogaard 7 (Martin Havlat 18, Pavel Datsyuk 20) at 13:12
8. Golden Knights , Wayne Simmonds 12 (Patrice Cormier 3) at 19:28 (Empty Net)
Penalties :
Brandon Bollig (Vgs) for Hooking (Minor) at 3:41
Goalie Stats
Robin Lehner (Vgs), 26 saves from 29 shots - (0.897), W, 9-10-2, 60:00 minutes
Andrei Vasilevskiy (Clb), 7 saves from 7 shots - (1.000), 18:14 minutes
Rick DiPietro (Clb), 14 saves from 18 shots - (0.778), L, 11-5-7, 41:32 minutes
Players Stats for Golden Knights
Player Name G A P +/- PIM S H SB GA TA FO MP PP MP PK MP
------------------------------------------------------------------------------------
Alex Tanguay 0 0 0 -1 0 0 1 0 0 0 0/1 14:21 0:00 0:14
Andrei Loktionov 1 2 3 1 0 6 0 0 0 0 12/19 13:55 2:29 0:00
Brandon Bollig 0 0 0 1 4 0 0 0 0 0 0/0 11:23 0:00 0:00
Chris Higgins 0 0 0 1 0 3 1 1 2 0 0/0 10:01 2:29 0:00
Damien Brunner 0 0 0 0 2 1 0 0 0 1 0/0 10:23 0:00 3:26
Ilya Kovalchuk 0 1 1 1 0 1 3 0 0 0 0/2 20:20 2:29 4:29
Jakub Kindl 0 0 0 -2 0 0 0 0 0 1 0/0 15:31 0:00 0:25
Jared Cowen 0 0 0 1 0 0 0 0 1 0 0/0 23:03 2:55 4:20
Mathew Dumba 0 0 0 0 0 1 0 2 2 3 0/0 18:57 0:00 3:42
Matt Stajan 1 0 1 1 0 2 2 0 1 0 13/22 16:10 2:29 0:25
Michael Frolik 2 1 3 1 0 3 3 0 1 0 0/1 18:16 2:29 4:16
Michael Kostka 0 3 3 3 2 1 1 0 0 1 0/0 21:22 2:55 3:20
Patrice Cormier 0 1 1 1 0 1 0 1 0 0 4/9 11:53 0:00 4:16
Steve Bernier 0 1 1 1 0 0 0 0 0 0 1/2 13:14 0:00 0:00
Vincent Lecavalier 0 0 0 -1 2 2 1 0 0 0 7/8 13:20 0:00 0:00
Vladimir Mihalik 0 0 0 3 0 0 1 1 0 0 0/0 18:37 2:03 1:32
Wayne Simmonds 1 0 1 0 0 1 3 0 1 0 2/2 17:41 2:29 0:52
Zach Bogosian 0 0 0 -1 0 4 1 1 1 3 0/0 22:29 2:03 4:39
Players Stats for Blue Jackets
Player Name G A P +/- PIM S H SB GA TA FO MP PP MP PK MP
------------------------------------------------------------------------------------
A.J Thelen 0 0 0 -1 0 1 0 0 0 0 0/0 11:17 0:00 0:00
Andreas Nodl 0 0 0 0 0 2 1 1 0 0 0/0 12:02 0:08 0:00
Artemi Panarin 0 1 1 0 0 1 1 0 1 0 0/1 19:20 3:50 3:03
Branislav Mezei 0 1 1 -1 0 0 0 0 0 4 0/0 20:10 3:39 1:33
Cam Fowler 0 1 1 0 0 0 1 1 1 1 0/0 28:33 5:20 3:25
Cody Eakin 1 0 1 0 0 3 2 0 0 1 3/11 12:52 0:00 1:39
Derek Boogaard 1 0 1 -2 2 2 1 1 1 0 3/4 22:44 4:58 2:05
Devin Setoguchi 0 0 0 0 0 2 1 0 0 0 0/0 17:12 3:50 1:10
Eric Wellwood 0 0 0 0 0 1 0 0 0 1 0/0 6:57 0:00 0:42
Kevin Porter 0 0 0 0 0 0 1 0 0 0 1/2 6:22 0:00 0:07
Martin Havlat 0 1 1 -2 0 6 1 1 1 0 0/1 21:38 5:01 1:10
Max Pacioretty 0 1 1 0 0 1 1 0 0 0 1/2 12:05 0:11 0:00
Mike Lundin 0 0 0 0 0 3 2 2 2 1 0/0 28:33 5:20 3:25
Pavel Datsyuk 0 1 1 -2 2 2 3 0 2 0 16/38 20:42 5:01 0:00
Peter Mueller 1 0 1 0 0 1 1 0 1 0 3/7 16:01 3:50 0:00
Rob Scuderi 0 0 0 -1 0 2 0 1 0 1 0/0 20:10 3:39 1:33
Ryan Wilson 0 0 0 -1 0 0 1 0 0 0 0/0 11:17 0:00 0:00
Tyler Kennedy 0 0 0 0 2 2 0 0 0 0 0/0 7:04 0:08 0:00
3 Stars
1 - Michael Frolik (Vgs)
2 - Andrei Loktionov (Vgs)
3 - Michael Kostka (Vgs)
Power Play
Golden Knights - 1 on 3 Attempt(s) - 33.33%
Blue Jackets - 1 on 5 Attempt(s) - 20.00%
Penalty Kill
Golden Knights - 4 on 5 Attempt(s) - 80.00%
- Score 0 goal in Penalty Kill
Blue Jackets - 2 on 3 Attempt(s) - 66.67%
- Score 0 goal in Penalty Kill
Team Stat
Golden Knights - Hits : 17 - Faceoff Wins : 39 - Blocked Shots : 6 - Penalty Minutes : 10
Blue Jackets - Hits : 17 - Faceoff Wins : 27 - Blocked Shots : 7 - Penalty Minutes : 6
Official
Referees : Unknown
Linesman : Unknown
Game Notes
Andrei Vasilevskiy enters game at 1:32 of 3rd period
Wayne Simmonds has scored in a empty net!
Finance
Level 1 -- Attendance: 4474 (74.57%) -- Ticket Income $514,510
Level 2 -- Attendance: 3947 (78.94%) -- Ticket Income $296,025
Level 3 -- Attendance: 1590 (79.50%) -- Ticket Income $71,550
Level 4 -- Attendance: 3766 (94.15%) -- Ticket Income $112,980
Luxury Box -- Attendance: 753 (75.30%) -- Ticket Income $161,895
Game was played at the Ohio State Arena.
Total Attendance: 14530 (80.72%)
Total Ticket Income: $1,156,960
Other Income: $173,544
Total Income: $1,330,504
Golden Knights
5 vs 5 Forward
Center Left Wing Right Wing Time % Phy DF OF
1 Matt Stajan Ilya Kovalchuk Steve Bernier 30 1 2 2
2 Vincent Lecavalier Alex Tanguay Wayne Simmonds 30 1 2 2
3 Andrei Loktionov Brandon Bollig Michael Frolik 25 1 2 2
4 Patrice Cormier Chris Higgins Damien Brunner 15 1 2 2
5 vs 5 Defense
Defense Defense Time % Phy DF OF
1 Mathew Dumba Jared Cowen 34 1 2 2
2 Michael Kostka Vladimir Mihalik 33 1 2 2
3 Zach Bogosian Jakub Kindl 33 1 2 2
4 Zach Bogosian Jared Cowen 0 1 2 2
PowerPlay Forward
Center Left Wing Right Wing Time % Phy DF OF
1 Matt Stajan Chris Higgins Wayne Simmonds 50 1 2 2
2 Andrei Loktionov Ilya Kovalchuk Michael Frolik 50 1 2 2
PowerPlay Defense
Defense Defense Time % Phy DF OF
1 Zach Bogosian Vladimir Mihalik 50 1 2 2
2 Michael Kostka Jared Cowen 50 1 2 2
Penalty Kill 4 Players Forward
Center Wing Time % Phy DF OF
1 Patrice Cormier Michael Frolik 50 1 2 2
2 Damien Brunner Ilya Kovalchuk 50 1 2 2
Penalty Kill 4 Players Defense
Defense Defense Time % Phy DF OF
1 Zach Bogosian Mathew Dumba 50 1 2 2
2 Michael Kostka Jared Cowen 50 1 2 2
Penalty Kill - 3 Players Forward
Forward Time % Phy DF OF
1 Ilya Kovalchuk 50 1 2 2
2 Andrei Loktionov 50 1 2 2
Penalty Kill - 3 Players Defense
Defense Defense Time % Phy DF OF
1 Michael Kostka Zach Bogosian 70 1 2 2
2 Jared Cowen Vladimir Mihalik 30 1 2 2
4 vs 4 Forward
Center Wing Time % Phy DF OF
1 Wayne Simmonds Steve Bernier 50 1 2 2
2 Andrei Loktionov Michael Frolik 50 1 2 2
4 vs 4 Defense
Defense Defense Time % Phy DF OF
1 Zach Bogosian Jakub Kindl 50 1 2 2
2 Mathew Dumba Jared Cowen 50 1 2 2
Last Minutes Offensive
Center Left Wing Right Wing Defense Defense
Andrei Loktionov Ilya Kovalchuk Michael Frolik Zach Bogosian Mathew Dumba
Last Minutes Defensive
Center Left Wing Right Wing Defense Defense
Patrice Cormier Chris Higgins Wayne Simmonds Zach Bogosian Jared Cowen
Goaltenders
Starting : Robin Lehner
Backup : Matt Hackett
Extra Forwards
Normal : Chris Higgins, Patrice Cormier, Damien Brunner - PP : Alex Tanguay, Steve Bernier - PK : Wayne Simmonds
Extra Defensemen
Normal : Jakub Kindl, Vladimir Mihalik, Michael Kostka - PP : Jakub Kindl - PK : Vladimir Mihalik, Jakub Kindl
Penalty Shots
Ilya Kovalchuk, Michael Frolik, Vincent Lecavalier, Chris Higgins, Matt Stajan
Scratches
None
Blue Jackets
5 vs 5 Forward
Center Left Wing Right Wing Time % Phy DF OF
1 Pavel Datsyuk Derek Boogaard Martin Havlat 40 1 2 2
2 Peter Mueller Artemi Panarin Devin Setoguchi 30 1 2 2
3 Cody Eakin Max Pacioretty Andreas Nodl 20 1 2 2
4 Kevin Porter Eric Wellwood Tyler Kennedy 10 1 2 2
5 vs 5 Defense
Defense Defense Time % Phy DF OF
1 Mike Lundin Cam Fowler 40 1 2 2
2 Branislav Mezei Rob Scuderi 30 1 2 2
3 A.J Thelen Ryan Wilson 20 1 2 2
4 Mike Lundin Cam Fowler 10 1 2 2
PowerPlay Forward
Center Left Wing Right Wing Time % Phy DF OF
1 Pavel Datsyuk Derek Boogaard Martin Havlat 60 1 2 2
2 Peter Mueller Artemi Panarin Devin Setoguchi 40 1 2 2
PowerPlay Defense
Defense Defense Time % Phy DF OF
1 Mike Lundin Cam Fowler 60 1 2 2
2 Branislav Mezei Rob Scuderi 40 1 2 2
Penalty Kill 4 Players Forward
Center Wing Time % Phy DF OF
1 Derek Boogaard Artemi Panarin 60 1 2 2
2 Martin Havlat Devin Setoguchi 40 1 2 2
Penalty Kill 4 Players Defense
Defense Defense Time % Phy DF OF
1 Mike Lundin Cam Fowler 60 1 2 2
2 Branislav Mezei Rob Scuderi 40 1 2 2
Penalty Kill - 3 Players Forward
Forward Time % Phy DF OF
1 Derek Boogaard 60 1 2 2
2 Artemi Panarin 40 1 2 2
Penalty Kill - 3 Players Defense
Defense Defense Time % Phy DF OF
1 Mike Lundin Cam Fowler 60 1 2 2
2 Branislav Mezei Rob Scuderi 40 1 2 2
4 vs 4 Forward
Center Wing Time % Phy DF OF
1 Derek Boogaard Artemi Panarin 60 1 2 2
2 Martin Havlat Devin Setoguchi 40 1 2 2
4 vs 4 Defense
Defense Defense Time % Phy DF OF
1 Mike Lundin Cam Fowler 60 1 2 2
2 Branislav Mezei Rob Scuderi 40 1 2 2
Last Minutes Offensive
Center Left Wing Right Wing Defense Defense
Pavel Datsyuk Derek Boogaard Martin Havlat Mike Lundin Cam Fowler
Last Minutes Defensive
Center Left Wing Right Wing Defense Defense
Pavel Datsyuk Derek Boogaard Martin Havlat Mike Lundin Cam Fowler
Goaltenders
Starting : Rick DiPietro
Backup : Andrei Vasilevskiy
Extra Forwards
Normal : Max Pacioretty, Andreas Nodl, Cody Eakin - PP : Max Pacioretty, Andreas Nodl - PK : Cody Eakin
Extra Defensemen
Normal : A.J Thelen, Ryan Wilson, Branislav Mezei - PP : A.J Thelen - PK : Ryan Wilson, Branislav Mezei
Penalty Shots
Derek Boogaard, Artemi Panarin, Martin Havlat, Devin Setoguchi, Max Pacioretty
Scratches
Mike Comrie (Broken Bone (Left Arm) Injury)
% Time on Ice - Golden Knights
Lines # - Real PCT - Wanted PCT - Time Play
Normal Forward
1 - 30% - 30% - 13:44
2 - 30% - 30% - 13:27
3 - 25% - 25% - 11:20
4 - 15% - 15% - 6:56
Normal Defense
1 - 34% - 34% - 15:21
2 - 33% - 33% - 15:00
3 - 33% - 33% - 15:06
4 - 0% - 0% - 0:00
PP Forward
1 - 50% - 50% - 2:29
2 - 50% - 50% - 2:29
PP Defense
1 - 41% - 50% - 2:03
2 - 59% - 50% - 2:55
PK Forward
1 - 48% - 50% - 4:21
2 - 52% - 50% - 4:38
PK Defense
1 - 52% - 50% - 4:39
2 - 48% - 50% - 4:20
PK3 Forward
1 - 0% - 50%
2 - 0% - 50%
PK3 Defense
1 - 0% - 70%
2 - 0% - 30%
44 Forward
1 - 0% - 50%
2 - 0% - 50%
44 Defense
1 - 0% - 50%
2 - 0% - 50%
Last Minute Offensive - 0:00
Last Minute Defensive - 0:36
Total
Forward - 60:00
Defense - 60:00
|
% Time on Ice - Blue Jackets
Lines # - Real PCT - Wanted PCT - Time Play
Normal Forward
1 - 35% - 40% - 15:48
2 - 27% - 30% - 12:12
3 - 25% - 20% - 11:13
4 - 14% - 10% - 6:15
Normal Defense
1 - 40% - 40% - 18:03
2 - 33% - 30% - 14:58
3 - 25% - 20% - 11:17
4 - 3% - 10% - 1:10
PP Forward
1 - 57% - 60% - 5:09
2 - 43% - 40% - 3:50
PP Defense
1 - 59% - 60% - 5:20
2 - 41% - 40% - 3:39
PK Forward
1 - 77% - 60% - 3:48
2 - 23% - 40% - 1:10
PK Defense
1 - 69% - 60% - 3:25
2 - 31% - 40% - 1:33
PK3 Forward
1 - 0% - 60%
2 - 0% - 40%
PK3 Defense
1 - 0% - 60%
2 - 0% - 40%
44 Forward
1 - 0% - 60%
2 - 0% - 40%
44 Defense
1 - 0% - 60%
2 - 0% - 40%
Last Minute Offensive - 0:35
Last Minute Defensive - 0:00
Total
Forward - 60:00
Defense - 60:00
|
Play-by-Play
1st period
0:01 of 1st period - Pavel Datsyuk wins face-off versus Ilya Kovalchuk in neutral zone.
0:08 of 1st period - Snap shot by Martin Havlat.
0:08 of 1st period - Shot Misses the Net.
0:10 of 1st period - Snap shot by Mike Lundin.
0:10 of 1st period - Stopped by Robin Lehner with a rebound.
0:12 of 1st period - Slapshot by Mike Lundin.
0:12 of 1st period - Shot Misses the Net.
0:50 of 1st period - Backhand shot by Andrei Loktionov.
0:50 of 1st period - Stopped by Rick DiPietro with a rebound.
0:52 of 1st period - Snap shot by Brandon Bollig.
0:52 of 1st period - Shot Misses the Net.
0:54 of 1st period - Slapshot by Michael Kostka.
0:54 of 1st period - Shot Misses the Net.
0:56 of 1st period - Slapshot by Michael Kostka.
0:56 of 1st period - Shot Misses the Net.
1:19 of 1st period - Minor Penalty to Michael Kostka for Tripping.
1:20 of 1st period - Pavel Datsyuk wins face-off versus Patrice Cormier in Golden Knights zone.
1:36 of 1st period - Wrist shot by Derek Boogaard.
1:36 of 1st period - Shot Hit the Post.
1:46 of 1st period - Mike Lundin is hit by Zach Bogosian and loses puck.
3:17 of 1st period - Andreas Nodl is hit by Wayne Simmonds and loses puck.
3:19 of 1st period - Penalty to Michael Kostka is over, Michael Kostka is back on ice.
3:26 of 1st period - Snap shot by Chris Higgins.
3:26 of 1st period - Stopped by Rick DiPietro with a rebound.
3:41 of 1st period - Icing by Max Pacioretty.
3:42 of 1st period - Max Pacioretty wins face-off versus Andrei Loktionov in Blue Jackets zone.
4:26 of 1st period - Slapshot by Chris Higgins.
4:26 of 1st period - Shot Misses the Net.
5:00 of 1st period - Ryan Wilson is hit by Michael Frolik and loses puck.
5:05 of 1st period - Wrist shot by Andrei Loktionov.
5:05 of 1st period - Stopped by Rick DiPietro without a rebound.
5:06 of 1st period - Vincent Lecavalier wins face-off versus Cody Eakin in Blue Jackets zone.
5:48 of 1st period - Rob Scuderi is hit by Wayne Simmonds and loses puck.
6:04 of 1st period - Slapshot by Artemi Panarin.
6:04 of 1st period - Shot Misses the Net.
6:06 of 1st period - Wrist shot by Peter Mueller.
6:06 of 1st period - Shot Misses the Net.
6:31 of 1st period - Icing by Peter Mueller.
6:32 of 1st period - Peter Mueller wins face-off versus Matt Stajan in Blue Jackets zone.
6:39 of 1st period - Snap shot by Artemi Panarin.
6:39 of 1st period - Deflect By Devin Setoguchi.
6:39 of 1st period - Stopped by Robin Lehner without a rebound.
6:40 of 1st period - Matt Stajan wins face-off versus Pavel Datsyuk in Golden Knights zone.
7:07 of 1st period - Wrist shot by Ilya Kovalchuk.
7:07 of 1st period - Stopped by Rick DiPietro with a rebound.
7:41 of 1st period - Snap shot by Steve Bernier.
7:41 of 1st period - Deflect By Ilya Kovalchuk.
7:41 of 1st period - Shot Misses the Net.
7:41 of 1st period - Puck is out of play.
7:42 of 1st period - Cody Eakin wins face-off versus Andrei Loktionov in Blue Jackets zone.
8:41 of 1st period - Minor Penalty to Tyler Kennedy for Slashing.
8:42 of 1st period - Matt Stajan wins face-off versus Artemi Panarin in Blue Jackets zone.
9:19 of 1st period - Rob Scuderi is hit by Michael Kostka and loses puck.
10:41 of 1st period - Penalty to Tyler Kennedy is over, Tyler Kennedy is back on ice.
10:45 of 1st period - Slapshot by Tyler Kennedy.
10:45 of 1st period - Stopped by Robin Lehner without a rebound.
10:46 of 1st period - Patrice Cormier wins face-off versus Kevin Porter in Golden Knights zone.
11:29 of 1st period - Off-side.
11:30 of 1st period - Andrei Loktionov wins face-off versus Max Pacioretty in neutral zone.
11:33 of 1st period - Slapshot by Andrei Loktionov.
11:33 of 1st period - Deflect By Mike Lundin.
11:33 of 1st period - Shot Misses the Net.
11:33 of 1st period - Puck is out of play.
11:34 of 1st period - Andrei Loktionov wins face-off versus Cody Eakin in Blue Jackets zone.
11:38 of 1st period - Icing by Mike Lundin.
11:39 of 1st period - Andrei Loktionov wins face-off versus Cody Eakin in Blue Jackets zone.
12:10 of 1st period - Snap shot by Martin Havlat.
12:10 of 1st period - Stopped by Robin Lehner without a rebound.
12:11 of 1st period - Matt Stajan wins face-off versus Pavel Datsyuk in Golden Knights zone.
13:30 of 1st period - Minor Penalty to Damien Brunner for Tripping.
13:31 of 1st period - Wayne Simmonds wins face-off versus Pavel Datsyuk in Golden Knights zone.
13:41 of 1st period - Ilya Kovalchuk is hit by Pavel Datsyuk and loses puck.
13:46 of 1st period - Wrist shot by Pavel Datsyuk.
13:46 of 1st period - Deflect By Martin Havlat.
13:46 of 1st period - Stopped by Robin Lehner with a rebound.
15:30 of 1st period - Penalty to Damien Brunner is over, Damien Brunner is back on ice.
15:36 of 1st period - Snap shot by Cody Eakin.
15:36 of 1st period - Stopped by Robin Lehner without a rebound.
15:37 of 1st period - Andrei Loktionov wins face-off versus Cody Eakin in Golden Knights zone.
15:44 of 1st period - Slapshot by Andrei Loktionov.
15:44 of 1st period - Goal by Andrei Loktionov - Golden Knights : 1 - Blue Jackets : 0.
15:45 of 1st period - Steve Bernier wins face-off versus Pavel Datsyuk in neutral zone.
16:01 of 1st period - Slapshot by Michael Kostka.
16:01 of 1st period - Shot Blocked by Martin Havlat.
17:21 of 1st period - Snap shot by Ilya Kovalchuk.
17:21 of 1st period - Shot Misses the Net.
17:45 of 1st period - Wrist shot by Andrei Loktionov.
17:45 of 1st period - Shot Misses the Net.
17:47 of 1st period - Snap shot by Andrei Loktionov.
17:47 of 1st period - Shot Misses the Net.
17:49 of 1st period - Wrist shot by Andrei Loktionov.
17:49 of 1st period - Shot Misses the Net.
17:51 of 1st period - Slapshot by Mathew Dumba.
17:51 of 1st period - Stopped by Rick DiPietro without a rebound.
17:52 of 1st period - Pavel Datsyuk wins face-off versus Andrei Loktionov in Blue Jackets zone.
18:02 of 1st period - Minor Penalty to Brandon Bollig for Slashing.
18:03 of 1st period - Patrice Cormier wins face-off versus Pavel Datsyuk in Golden Knights zone.
18:11 of 1st period - Snap shot by Derek Boogaard.
18:11 of 1st period - Stopped by Robin Lehner without a rebound.
18:12 of 1st period - Pavel Datsyuk wins face-off versus Michael Frolik in Golden Knights zone.
18:55 of 1st period - Snap shot by Pavel Datsyuk.
18:55 of 1st period - Shot Blocked by Vladimir Mihalik.
18:57 of 1st period - Snap shot by Pavel Datsyuk.
18:57 of 1st period - Deflect By Martin Havlat.
18:57 of 1st period - Stopped by Robin Lehner with a rebound.
18:59 of 1st period - Slapshot by Mike Lundin.
18:59 of 1st period - Stopped by Robin Lehner without a rebound.
19:00 of 1st period - Peter Mueller wins face-off versus Patrice Cormier in Golden Knights zone.
19:03 of 1st period - Snap shot by Artemi Panarin.
19:03 of 1st period - Shot Misses the Net.
19:05 of 1st period - Slapshot by Branislav Mezei.
19:05 of 1st period - Deflect By Peter Mueller.
19:05 of 1st period - Goal by Peter Mueller - Golden Knights : 1 - Blue Jackets : 1.
19:06 of 1st period - Matt Stajan wins face-off versus Pavel Datsyuk in neutral zone.
19:12 of 1st period - Minor Penalty to Derek Boogaard for Tripping.
19:13 of 1st period - Cody Eakin wins face-off versus Matt Stajan in Blue Jackets zone.
Goals for this period are 1 for Golden Knights vs 1 for Blue Jackets.
Shots for this period are 6 for Golden Knights vs 10 for Blue Jackets.
2nd period
0:01 of 2nd period - Andrei Loktionov wins face-off versus Cody Eakin in neutral zone.
0:10 of 2nd period - Wrist shot by Ilya Kovalchuk.
0:10 of 2nd period - Shot Misses the Net.
0:12 of 2nd period - Wrist shot by Michael Frolik.
0:12 of 2nd period - Goal by Michael Frolik - Golden Knights : 2 - Blue Jackets : 1.
0:13 of 2nd period - Pavel Datsyuk wins face-off versus Steve Bernier in neutral zone.
0:18 of 2nd period - Slapshot by Pavel Datsyuk.
0:18 of 2nd period - Shot Misses the Net.
1:12 of 2nd period - Wrist shot by Andrei Loktionov.
1:12 of 2nd period - Shot Misses the Net.
1:24 of 2nd period - Michael Kostka is hit by Derek Boogaard and loses puck.
1:42 of 2nd period - Slapshot by Andrei Loktionov.
1:42 of 2nd period - Shot Misses the Net.
1:44 of 2nd period - Slapshot by Jakub Kindl.
1:44 of 2nd period - Deflect By Michael Frolik.
1:44 of 2nd period - Stopped by Rick DiPietro with a rebound.
1:46 of 2nd period - Wrist shot by Brandon Bollig.
1:46 of 2nd period - Shot Misses the Net.
1:48 of 2nd period - Snap shot by Andrei Loktionov.
1:48 of 2nd period - Stopped by Rick DiPietro without a rebound.
1:49 of 2nd period - Matt Stajan wins face-off versus Peter Mueller in Blue Jackets zone.
2:02 of 2nd period - Wrist shot by Peter Mueller.
2:02 of 2nd period - Shot Misses the Net.
2:16 of 2nd period - Wayne Simmonds is hit by Cam Fowler and loses puck.
2:31 of 2nd period - Cody Eakin is hit by Alex Tanguay and loses puck.
2:52 of 2nd period - Chris Higgins is hit by Cody Eakin and loses puck.
3:04 of 2nd period - Off-side.
3:05 of 2nd period - Andrei Loktionov wins face-off versus Pavel Datsyuk in neutral zone.
3:08 of 2nd period - Snap shot by Andrei Loktionov.
3:08 of 2nd period - Stopped by Rick DiPietro without a rebound.
3:09 of 2nd period - Andrei Loktionov wins face-off versus Pavel Datsyuk in Blue Jackets zone.
3:12 of 2nd period - Snap shot by Andrei Loktionov.
3:12 of 2nd period - Stopped by Rick DiPietro without a rebound.
3:13 of 2nd period - Matt Stajan wins face-off versus Pavel Datsyuk in Blue Jackets zone.
3:16 of 2nd period - Slapshot by Matt Stajan.
3:16 of 2nd period - Stopped by Rick DiPietro with a rebound.
3:47 of 2nd period - Snap shot by Vincent Lecavalier.
3:47 of 2nd period - Shot Blocked by Mike Lundin.
4:01 of 2nd period - Zach Bogosian is hit by Cody Eakin and loses puck.
4:06 of 2nd period - Wrist shot by Max Pacioretty.
4:06 of 2nd period - Shot Misses the Net.
4:08 of 2nd period - Slapshot by Cody Eakin.
4:08 of 2nd period - Goal by Cody Eakin - Golden Knights : 2 - Blue Jackets : 2.
4:09 of 2nd period - Pavel Datsyuk wins face-off versus Matt Stajan in neutral zone.
4:09 of 2nd period - Pavel Datsyuk is hit by Ilya Kovalchuk.
4:23 of 2nd period - Snap shot by Derek Boogaard.
4:23 of 2nd period - Shot Misses the Net.
4:25 of 2nd period - Snap shot by Pavel Datsyuk.
4:25 of 2nd period - Stopped by Robin Lehner with a rebound.
5:39 of 2nd period - Wrist shot by Chris Higgins.
5:39 of 2nd period - Stopped by Rick DiPietro without a rebound.
5:40 of 2nd period - Pavel Datsyuk wins face-off versus Ilya Kovalchuk in Blue Jackets zone.
5:49 of 2nd period - Wrist shot by Steve Bernier.
5:49 of 2nd period - Shot Misses the Net.
6:32 of 2nd period - Snap shot by Andrei Loktionov.
6:32 of 2nd period - Shot Misses the Net.
6:50 of 2nd period - Slapshot by Cam Fowler.
6:50 of 2nd period - Shot Blocked by Patrice Cormier.
6:52 of 2nd period - Wrist shot by Pavel Datsyuk.
6:52 of 2nd period - Stopped by Robin Lehner with a rebound.
6:54 of 2nd period - Snap shot by Martin Havlat.
6:54 of 2nd period - Stopped by Robin Lehner without a rebound.
6:55 of 2nd period - Matt Stajan wins face-off versus Pavel Datsyuk in Golden Knights zone.
7:06 of 2nd period - Slapshot by Pavel Datsyuk.
7:06 of 2nd period - Shot Misses the Net.
7:52 of 2nd period - Off-side.
7:53 of 2nd period - Cody Eakin wins face-off versus Matt Stajan in neutral zone.
7:56 of 2nd period - Snap shot by Cody Eakin.
7:56 of 2nd period - Stopped by Robin Lehner without a rebound.
7:57 of 2nd period - Pavel Datsyuk wins face-off versus Matt Stajan in Golden Knights zone.
8:26 of 2nd period - Slapshot by Vincent Lecavalier.
8:26 of 2nd period - Shot Blocked by Mike Lundin.
8:28 of 2nd period - Slapshot by Zach Bogosian.
8:28 of 2nd period - Stopped by Rick DiPietro with a rebound.
9:21 of 2nd period - Snap shot by Andrei Loktionov.
9:21 of 2nd period - Shot Misses the Net.
9:23 of 2nd period - Wrist shot by Michael Frolik.
9:23 of 2nd period - Goal by Michael Frolik - Golden Knights : 3 - Blue Jackets : 2.
9:24 of 2nd period - Vincent Lecavalier wins face-off versus Pavel Datsyuk in neutral zone.
11:25 of 2nd period - Vladimir Mihalik is hit by Ryan Wilson and loses puck.
11:40 of 2nd period - A.J Thelen is hit by Vladimir Mihalik and loses puck.
11:45 of 2nd period - Wrist shot by Damien Brunner.
11:45 of 2nd period - Shot Misses the Net.
11:47 of 2nd period - Slapshot by Michael Kostka.
11:47 of 2nd period - Deflect By Andreas Nodl.
11:47 of 2nd period - Stopped by Rick DiPietro without a rebound.
11:48 of 2nd period - Vincent Lecavalier wins face-off versus Pavel Datsyuk in Blue Jackets zone.
12:04 of 2nd period - Snap shot by Derek Boogaard.
12:04 of 2nd period - Shot Blocked by Mathew Dumba.
12:10 of 2nd period - Vincent Lecavalier is hit by Pavel Datsyuk.
12:53 of 2nd period - Wrist shot by Brandon Bollig.
12:53 of 2nd period - Shot Blocked by Cam Fowler.
12:55 of 2nd period - Snap shot by Andrei Loktionov.
12:55 of 2nd period - Shot Blocked by Andreas Nodl.
13:32 of 2nd period - Martin Havlat is hit by Wayne Simmonds and loses puck.
13:48 of 2nd period - Off-side.
13:49 of 2nd period - Matt Stajan wins face-off versus Peter Mueller in neutral zone.
14:26 of 2nd period - Snap shot by Devin Setoguchi.
14:26 of 2nd period - Stopped by Robin Lehner without a rebound.
14:27 of 2nd period - Vincent Lecavalier wins face-off versus Pavel Datsyuk in Golden Knights zone.
14:38 of 2nd period - Wrist shot by Vincent Lecavalier.
14:38 of 2nd period - Stopped by Rick DiPietro without a rebound.
14:39 of 2nd period - Vincent Lecavalier wins face-off versus Pavel Datsyuk in Blue Jackets zone.
14:49 of 2nd period - Minor Penalty to Vincent Lecavalier for Delaying the game.
14:50 of 2nd period - Pavel Datsyuk wins face-off versus Patrice Cormier in Golden Knights zone.
14:52 of 2nd period - Snap shot by Martin Havlat.
14:52 of 2nd period - Stopped by Robin Lehner without a rebound.
14:53 of 2nd period - Pavel Datsyuk wins face-off versus Patrice Cormier in Golden Knights zone.
15:18 of 2nd period - Off-side.
15:19 of 2nd period - Patrice Cormier wins face-off versus Peter Mueller in neutral zone.
15:34 of 2nd period - Zach Bogosian is hit by Peter Mueller and loses puck.
15:49 of 2nd period - Ilya Kovalchuk is hit by Martin Havlat and loses puck.
16:49 of 2nd period - Penalty to Vincent Lecavalier is over, Vincent Lecavalier is back on ice.
16:56 of 2nd period - Wrist shot by Max Pacioretty.
16:56 of 2nd period - Stopped by Robin Lehner with a rebound.
16:58 of 2nd period - Slapshot by Cody Eakin.
16:58 of 2nd period - Shot Misses the Net.
17:00 of 2nd period - Backhand shot by A.J Thelen.
17:00 of 2nd period - Shot Blocked by Zach Bogosian.
17:02 of 2nd period - Snap shot by Andreas Nodl.
17:02 of 2nd period - Stopped by Robin Lehner with a rebound.
17:04 of 2nd period - Wrist shot by Andreas Nodl.
17:04 of 2nd period - Stopped by Robin Lehner without a rebound.
17:05 of 2nd period - Kevin Porter wins face-off versus Andrei Loktionov in Golden Knights zone.
17:21 of 2nd period - Snap shot by Tyler Kennedy.
17:21 of 2nd period - Shot Misses the Net.
17:44 of 2nd period - Minor Penalty to Pavel Datsyuk for Goalie Interference.
17:45 of 2nd period - Matt Stajan wins face-off versus Derek Boogaard in Blue Jackets zone.
17:47 of 2nd period - Slapshot by Matt Stajan.
17:47 of 2nd period - Shot Misses the Net.
18:27 of 2nd period - Wrist shot by Devin Setoguchi.
18:27 of 2nd period - Deflect By Martin Havlat.
18:27 of 2nd period - Shot Misses the Net.
18:27 of 2nd period - Puck is out of play.
18:28 of 2nd period - Derek Boogaard wins face-off versus Andrei Loktionov in Golden Knights zone.
18:43 of 2nd period - Artemi Panarin is hit by Chris Higgins and loses puck.
19:30 of 2nd period - Snap shot by Rob Scuderi.
19:30 of 2nd period - Stopped by Robin Lehner with a rebound.
19:32 of 2nd period - Slapshot by Rob Scuderi.
19:32 of 2nd period - Stopped by Robin Lehner without a rebound.
19:33 of 2nd period - Derek Boogaard wins face-off versus Matt Stajan in Golden Knights zone.
19:44 of 2nd period - Penalty to Pavel Datsyuk is over, Pavel Datsyuk is back on ice.
19:46 of 2nd period - Slapshot by Andrei Loktionov.
19:46 of 2nd period - Shot Blocked by Rob Scuderi.
19:49 of 2nd period - Icing by Rob Scuderi.
19:50 of 2nd period - Derek Boogaard wins face-off versus Vincent Lecavalier in Blue Jackets zone.
Goals for this period are 2 for Golden Knights vs 1 for Blue Jackets.
Shots for this period are 11 for Golden Knights vs 12 for Blue Jackets.
3rd period
0:01 of 3rd period - Matt Stajan wins face-off versus Pavel Datsyuk in neutral zone.
0:04 of 3rd period - Martin Havlat is hit by Ilya Kovalchuk.
0:12 of 3rd period - Wrist shot by Matt Stajan.
0:12 of 3rd period - Shot Blocked by Derek Boogaard.
0:26 of 3rd period - Peter Mueller is hit by Michael Frolik and loses puck.
1:12 of 3rd period - Wrist shot by Tyler Kennedy.
1:12 of 3rd period - Shot Blocked by Chris Higgins.
1:18 of 3rd period - Slapshot by Eric Wellwood.
1:18 of 3rd period - Deflect By Tyler Kennedy.
1:18 of 3rd period - Shot Misses the Net.
1:18 of 3rd period - Puck is out of play.
1:19 of 3rd period - Pavel Datsyuk wins face-off versus Matt Stajan in Golden Knights zone.
1:26 of 3rd period - Slapshot by Derek Boogaard.
1:26 of 3rd period - Shot Misses the Net.
1:32 of 3rd period - Snap shot by Matt Stajan.
1:32 of 3rd period - Goal by Matt Stajan - Golden Knights : 4 - Blue Jackets : 2.
1:32 of 3rd period - Andrei Vasilevskiy enters game.
1:33 of 3rd period - Pavel Datsyuk wins face-off versus Matt Stajan in neutral zone.
2:48 of 3rd period - Wrist shot by Damien Brunner.
2:48 of 3rd period - Stopped by Andrei Vasilevskiy without a rebound.
2:49 of 3rd period - Matt Stajan wins face-off versus Pavel Datsyuk in Blue Jackets zone.
3:04 of 3rd period - Ilya Kovalchuk is hit by Mike Lundin.
3:24 of 3rd period - Snap shot by Vincent Lecavalier.
3:24 of 3rd period - Stopped by Andrei Vasilevskiy without a rebound.
3:25 of 3rd period - Andrei Loktionov wins face-off versus Pavel Datsyuk in Blue Jackets zone.
3:41 of 3rd period - Minor Penalty to Brandon Bollig for Hooking.
3:42 of 3rd period - Patrice Cormier wins face-off versus Pavel Datsyuk in Golden Knights zone.
4:08 of 3rd period - Michael Kostka is hit by Devin Setoguchi and loses puck.
4:43 of 3rd period - Artemi Panarin is hit by Ilya Kovalchuk and loses puck.
5:41 of 3rd period - Penalty to Brandon Bollig is over, Brandon Bollig is back on ice.
8:28 of 3rd period - Icing by Alex Tanguay.
8:29 of 3rd period - Vincent Lecavalier wins face-off versus Peter Mueller in Golden Knights zone.
8:36 of 3rd period - Slapshot by Zach Bogosian.
8:36 of 3rd period - Stopped by Andrei Vasilevskiy with a rebound.
8:38 of 3rd period - Slapshot by Jakub Kindl.
8:38 of 3rd period - Shot Misses the Net.
8:40 of 3rd period - Slapshot by Zach Bogosian.
8:40 of 3rd period - Stopped by Andrei Vasilevskiy without a rebound.
8:41 of 3rd period - Andrei Loktionov wins face-off versus Pavel Datsyuk in Blue Jackets zone.
9:08 of 3rd period - Ilya Kovalchuk is hit by Artemi Panarin and loses puck.
9:54 of 3rd period - Wrist shot by Tyler Kennedy.
9:54 of 3rd period - Stopped by Robin Lehner with a rebound.
9:56 of 3rd period - Snap shot by Mike Lundin.
9:56 of 3rd period - Stopped by Robin Lehner without a rebound.
9:57 of 3rd period - Matt Stajan wins face-off versus Martin Havlat in Golden Knights zone.
10:22 of 3rd period - Branislav Mezei is hit by Vincent Lecavalier and loses puck.
10:33 of 3rd period - Snap shot by Artemi Panarin.
10:33 of 3rd period - Stopped by Robin Lehner without a rebound.
10:34 of 3rd period - Pavel Datsyuk wins face-off versus Andrei Loktionov in Golden Knights zone.
11:23 of 3rd period - Backhand shot by Zach Bogosian.
11:23 of 3rd period - Deflect By Cody Eakin.
11:23 of 3rd period - Stopped by Andrei Vasilevskiy with a rebound.
11:33 of 3rd period - Jakub Kindl is hit by Max Pacioretty and loses puck.
11:51 of 3rd period - Off-side.
11:52 of 3rd period - Peter Mueller wins face-off versus Andrei Loktionov in neutral zone.
11:59 of 3rd period - Mike Lundin is hit by Michael Frolik and loses puck.
12:18 of 3rd period - Ilya Kovalchuk is hit by Pavel Datsyuk and loses puck.
12:39 of 3rd period - Snap shot by Patrice Cormier.
12:39 of 3rd period - Deflect By Cody Eakin.
12:39 of 3rd period - Stopped by Andrei Vasilevskiy with a rebound.
12:45 of 3rd period - Patrice Cormier is hit by Andreas Nodl and loses puck.
13:06 of 3rd period - Snap shot by Eric Wellwood.
13:06 of 3rd period - Stopped by Robin Lehner without a rebound.
13:07 of 3rd period - Pavel Datsyuk wins face-off versus Alex Tanguay in Golden Knights zone.
13:12 of 3rd period - Wrist shot by Derek Boogaard.
13:12 of 3rd period - Goal by Derek Boogaard - Golden Knights : 4 - Blue Jackets : 3.
13:13 of 3rd period - Pavel Datsyuk wins face-off versus Matt Stajan in neutral zone.
13:26 of 3rd period - Snap shot by Ilya Kovalchuk.
13:26 of 3rd period - Deflect By Steve Bernier.
13:26 of 3rd period - Shot Misses the Net.
13:26 of 3rd period - Puck is out of play.
13:27 of 3rd period - Andrei Loktionov wins face-off versus Pavel Datsyuk in Blue Jackets zone.
13:38 of 3rd period - Slapshot by Cam Fowler.
13:38 of 3rd period - Deflect By Pavel Datsyuk.
13:38 of 3rd period - Shot Blocked by Mathew Dumba.
13:38 of 3rd period - Puck is out of play.
13:39 of 3rd period - Vincent Lecavalier wins face-off versus Pavel Datsyuk in Golden Knights zone.
15:40 of 3rd period - Devin Setoguchi is hit by Matt Stajan and loses puck.
16:24 of 3rd period - Zach Bogosian is hit by Mike Lundin and loses puck.
16:53 of 3rd period - Slapshot by Pavel Datsyuk.
16:53 of 3rd period - Shot Misses the Net.
16:55 of 3rd period - Wrist shot by Martin Havlat.
16:55 of 3rd period - Stopped by Robin Lehner without a rebound.
16:56 of 3rd period - Matt Stajan wins face-off versus Cody Eakin in Golden Knights zone.
17:03 of 3rd period - Branislav Mezei is hit by Matt Stajan and loses puck.
18:31 of 3rd period - Slapshot by A.J Thelen.
18:31 of 3rd period - Deflect By Vladimir Mihalik.
18:31 of 3rd period - Stopped by Robin Lehner without a rebound.
18:32 of 3rd period - Andrei Loktionov wins face-off versus Cody Eakin in Golden Knights zone.
19:00 of 3rd period - Off-side.
19:01 of 3rd period - Bruce Boudreau call a timeout for Blue Jackets.
19:01 of 3rd period - Wayne Simmonds wins face-off versus Pavel Datsyuk in neutral zone.
19:08 of 3rd period - Snap shot by Chris Higgins.
19:08 of 3rd period - Stopped by Andrei Vasilevskiy without a rebound.
19:09 of 3rd period - Pavel Datsyuk wins face-off versus Patrice Cormier in Blue Jackets zone.
19:14 of 3rd period - Blue Jackets, Andrei Vasilevskiy is pulled from the net.
19:28 of 3rd period - Slapshot by Wayne Simmonds.
19:28 of 3rd period - Goal by Wayne Simmonds - Golden Knights : 5 - Blue Jackets : 3.
19:28 of 3rd period - Andrei Vasilevskiy from Blue Jackets was sent back in the game.
19:29 of 3rd period - Andrei Loktionov wins face-off versus Cody Eakin in neutral zone.
19:56 of 3rd period - Jakub Kindl is hit by Kevin Porter and loses puck.
Goals for this period are 2 for Golden Knights vs 1 for Blue Jackets.
Shots for this period are 9 for Golden Knights vs 7 for Blue Jackets.
Back to the Top